NYP
WILLIAMSPORT CROSSCUTTERS @ BOISE HAWKS
09/17/2048
 
TOP OF THE 1ST
Williamsport Crosscutters batting - Pitching for Boise Hawks : RHP Ricky de la Rosa
Pitching: RHP Ricky de la Rosa
Batting: RHB Xavier Castellanos 0-0: Ball
1-0: Ball
2-0: Ball
3-0: Called Strike
3-1: Base on Balls
Batting: RHB Jason Ostrom 0-0: Foul Ball, location: 2F
0-1: Ball
1-1: Swinging Strike
1-2: Fly out, F4 (Popup, 4, EV 73.8 MPH)
Batting: RHB John Manocchio 0-0: Called Strike
0-1: Foul Ball, location: 2F
0-2: Foul Ball, location: 2F
0-2: Ball
1-2: Fly out, F8 (Flyball, 8RXD, EV 100.6 MPH)
Batting: RHB John Parra 0-0: Ball
Xavier Castellanos steals 2nd base (no throw)
1-0: Foul Ball, location: 2F
1-1: Ball
2-1: Foul Ball, location: 2F
2-2: DOUBLE (Line Drive, 78XD, EV 109.4 MPH)
Xavier Castellanos scores
Batting: SHB Nick Chandler 0-0: Called Strike
0-1: Ball
1-1: Ball
2-1: Ball
3-1: Base on Balls
Batting: SHB Art Kent 0-0: Called Strike
0-1: Ball
1-1: Ball
2-1: Foul Ball, location: 2F
2-2: Ball
3-2: Ground out 6-3 (Groundball, 6, EV 86.2 MPH)
Top of the 1st over - 1 run, 1 hit, 0 errors, 2 left on base; Williamsport 1 - Boise 0
BOTTOM OF THE 1ST
Boise Hawks batting - Pitching for Williamsport Crosscutters : RHP Carlos Palacios
Pitching: RHP Carlos Palacios
Batting: SHB Clayton Saunders 0-0: Ball
1-0: Swinging Strike
1-1: Ball
2-1: Ball
3-1: Foul Ball, location: 2F
3-2: Foul Ball, location: 2F
3-2: Base on Balls
Batting: SHB Brad Madden 0-0: Called Strike
Clayton Saunders steals 2nd base
0-1: Foul Ball, location: 2F
0-2: Reached on error, E4 (Groundball, 34, EV 105.0 MPH)
Clayton Saunders scores
Batting: SHB Chris Besselman 0-0: Ball
1-0: Fly out, F9 (Flyball, 9, EV 72.5 MPH)
Batting: RHB Wali Mulogo 0-0: Ball
1-0: Called Strike
1-1: Ball
Wild Pitch!
Brad Madden to third
2-1: Foul Ball, location: 2F
2-2: Ball
3-2: TRIPLE (Flyball, 8RXD, EV 99.4 MPH)
Brad Madden scores
Batting: LHB Jason Ryan 0-0: Called Strike
0-1: Called Strike
0-2: Strikes out looking
Batting: RHB Seisaburo Edagawa 0-0: Ball
Wild Pitch!
Wali Mulogo scores
1-0: Ball
2-0: DOUBLE (Line Drive, 89D, EV 110.6 MPH)
Batting: LHB Georges Lambert 0-0: Ball
1-0: Foul Ball, location: 2F
1-1: Ball
2-1: Foul Ball, location: 2F
2-2: Strikes out swinging
Bottom of the 1st over - 3 runs, 2 hits, 1 error, 1 left on base; Williamsport 1 - Boise 3
TOP OF THE 2ND
Williamsport Crosscutters batting - Pitching for Boise Hawks : RHP Ricky de la Rosa
Batting: RHB Shintaro Katsumata 0-0: Called Strike
0-1: Ground out 4-3 (Groundball, 4M, EV 98.8 MPH)
Batting: RHB Nick Cottrell 0-0: Ball
1-0: SINGLE (Groundball, 6D, EV 103.1 MPH)
Batting: RHB Micah McErlean 0-0: Called Strike
Nick Cottrell steals 2nd base
0-1: Foul Ball, location: 2F
0-2: Ball
1-2: Ball
2-2: Foul Ball, location: 2F
2-2: Foul Ball, location: 2F
2-2: SINGLE (Groundball, 25, EV 70.0 MPH) (infield hit)
Nick Cottrell to third
Batting: RHB Xavier Castellanos 0-0: Ball
1-0: Swinging Strike
1-1: Ball
2-1: Ball
3-1: Base on Balls
Micah McErlean to second
Batting: RHB Jason Ostrom 0-0: Foul Ball, location: 2F
0-1: Ball
1-1: Foul Ball, location: 2F
1-2: SINGLE (Groundball, 25, EV 68.1 MPH) (infield hit)
Nick Cottrell scores
Micah McErlean to third
Xavier Castellanos to second
Batting: RHB John Manocchio 0-0: Called Strike
0-1: Ball
1-1: Ball
2-1: Foul Ball, location: 2F
2-2: Foul Ball, location: 2F
2-2: Fly out, F7 (Flyball, 78D, EV 93.1 MPH)
Runner from 3rd tags up, SCORES, throw by LF
Xavier Castellanos to third
Batting: RHB John Parra 0-0: Ball
Jason Ostrom steals 2nd base
1-0: Ball
2-0: Called Strike
2-1: Ground out 5-3 (Groundball, 56, EV 94.4 MPH)
Top of the 2nd over - 2 runs, 3 hits, 0 errors, 2 left on base; Williamsport 3 - Boise 3
BOTTOM OF THE 2ND
Boise Hawks batting - Pitching for Williamsport Crosscutters : RHP Carlos Palacios
Batting: RHB Bob Hayes 0-0: Swinging Strike
0-1: Swinging Strike
0-2: Ball
1-2: Ball
2-2: Ball
3-2: Foul Ball, location: 2F
3-2: Ground out 5-3 (Groundball, 56S, EV 75.0 MPH)
Batting: RHB Aaron Burnet 0-0: Called Strike
0-1: Called Strike
0-2: Strikes out swinging
Batting: SHB Clayton Saunders 0-0: Ball
1-0: Ball
2-0: Swinging Strike
2-1: Foul Ball, location: 2F
2-2: SINGLE (Groundball, 4D, EV 108.8 MPH)
Batting: SHB Brad Madden 0-0: Called Strike
Clayton Saunders is caught stealing 2nd base 2-6
Bottom of the 2nd over - 0 runs, 1 hit, 0 errors, 0 left on base; Williamsport 3 - Boise 3
TOP OF THE 3RD
Williamsport Crosscutters batting - Pitching for Boise Hawks : RHP Ricky de la Rosa
Batting: SHB Nick Chandler 0-0: Ball
1-0: Foul Ball, location: 2F
1-1: Called Strike
1-2: Hit by Pitch
Batting: SHB Art Kent 0-0: Called Strike
0-1: SINGLE (Groundball, 4MD, EV 95.6 MPH)
Nick Chandler to second
Batting: RHB Shintaro Katsumata 0-0: Ball
1-0: Ball
2-0: Fielders Choice at 2nd, 1-6 (Groundball, 13S, EV 68.8 MPH)
Nick Chandler to third
Batting: RHB Nick Cottrell 0-0: Fielders Choice at 2nd, 4-6 (Groundball, 4, EV 84.4 MPH)
Nick Chandler scores
Batting: RHB Micah McErlean 0-0: Called Strike
0-1: Ball
1-1: Called Strike
1-2: Strikes out swinging
Top of the 3rd over - 1 run, 1 hit, 0 errors, 1 left on base; Williamsport 4 - Boise 3
BOTTOM OF THE 3RD
Boise Hawks batting - Pitching for Williamsport Crosscutters : RHP Carlos Palacios
Batting: SHB Brad Madden 0-0: Ball
1-0: Ground out 2-3 (Groundball, 13S, EV 67.5 MPH)
Batting: SHB Chris Besselman 0-0: Swinging Strike
0-1: Swinging Strike
0-2: Ball
1-2: SOLO HOME RUN (Flyball, 89XD, EV 99.4 MPH), Distance : 391 ft
Batting: RHB Wali Mulogo 0-0: Called Strike
0-1: Ball
1-1: Swinging Strike
1-2: Strikes out swinging
Batting: LHB Jason Ryan 0-0: Called Strike
0-1: Ball
1-1: Ground out 1-3 (Groundball, 15S, EV 67.5 MPH)
Bottom of the 3rd over - 1 run, 1 hit, 0 errors, 0 left on base; Williamsport 4 - Boise 4
TOP OF THE 4TH
Williamsport Crosscutters batting - Pitching for Boise Hawks : RHP Ricky de la Rosa
Batting: RHB Xavier Castellanos 0-0: Ball
1-0: Ball
2-0: Foul Ball, location: 2F
2-1: Ball
3-1: Base on Balls
Pitching: LHP Matt Belair
Batting: RHB Jason Ostrom 0-0: Ball
1-0: Called Strike
1-1: Called Strike
1-2: Foul Ball, location: 2F
1-2: Ball
2-2: Foul Ball, location: 2F
2-2: Grounds into double play, 5-4-3 (Groundball, 56S, EV 89.4 MPH)
Batting: RHB John Manocchio 0-0: Ball
1-0: Called Strike
1-1: Foul Ball, location: 2F
1-2: Foul Ball, location: 2F
1-2: Ball
2-2: Ball
3-2: Base on Balls
Batting: RHB John Parra 0-0: Called Strike
0-1: Swinging Strike
0-2: Ball
1-2: Foul Ball, location: 2F
1-2: Ball
2-2: Foul Ball, location: 2F
2-2: Strikes out swinging
Top of the 4th over - 0 runs, 0 hits, 0 errors, 1 left on base; Williamsport 4 - Boise 4
BOTTOM OF THE 4TH
Boise Hawks batting - Pitching for Williamsport Crosscutters : RHP Carlos Palacios
Batting: RHB Seisaburo Edagawa 0-0: Ball
1-0: Foul Ball, location: 2F
1-1: Foul Ball, location: 2F
1-2: Ball
2-2: Foul Ball, location: 2F
2-2: Ball
3-2: Base on Balls
Batting: LHB Georges Lambert 0-0: Ball
1-0: Called Strike
1-1: Ball
Seisaburo Edagawa is caught stealing 2nd base 2-6
2-1: Ground out U3 (Groundball, 3S, EV 83.1 MPH)
Batting: RHB Bob Hayes 0-0: Called Strike
0-1: Called Strike
0-2: Strikes out looking
Bottom of the 4th over - 0 runs, 0 hits, 0 errors, 0 left on base; Williamsport 4 - Boise 4
TOP OF THE 5TH
Williamsport Crosscutters batting - Pitching for Boise Hawks : LHP Matt Belair
Batting: SHB Nick Chandler 0-0: Foul Ball, location: 2F
0-1: Fly out, F8 (Flyball, 8LD, EV 81.9 MPH)
Batting: SHB Art Kent 0-0: Called Strike
0-1: Fly out, F6 (Popup, P, EV 71.2 MPH)
Batting: RHB Shintaro Katsumata 0-0: Ball
1-0: Swinging Strike
1-1: Foul Ball, location: 2F
1-2: Ball
2-2: Ball
3-2: Foul Ball, location: 2F
3-2: Base on Balls
Batting: RHB Nick Cottrell 0-0: Ball
1-0: Ball
Shintaro Katsumata steals 2nd base
2-0: Foul Ball, location: 2F
2-1: Ball
3-1: Called Strike
3-2: Base on Balls
Batting: RHB Micah McErlean 0-0: Ball
1-0: 3-RUN HOME RUN (Flyball, 7LD, EV 96.9 MPH), Distance : 362 ft
Pitching: LHP Josh Alvarez
Batting: RHB Xavier Castellanos 0-0: Ball
1-0: Foul Ball, location: 2F
1-1: Swinging Strike
1-2: Strikes out looking
Top of the 5th over - 3 runs, 1 hit, 0 errors, 0 left on base; Williamsport 7 - Boise 4
BOTTOM OF THE 5TH
Boise Hawks batting - Pitching for Williamsport Crosscutters : RHP Carlos Palacios
Batting: RHB Aaron Burnet 0-0: Called Strike
0-1: Swinging Strike
0-2: Ball
1-2: Foul Ball, location: 2F
1-2: Foul Ball, location: 2F
1-2: Strikes out swinging
Batting: SHB Clayton Saunders 0-0: Called Strike
0-1: Ball
1-1: SINGLE (Groundball, 4MS, EV 67.5 MPH) (infield hit)
Batting: SHB Brad Madden 0-0: Called Strike
Clayton Saunders steals 2nd base (no throw)
0-1: Ball
1-1: Called Strike
Clayton Saunders is caught stealing 3rd base 2-5
1-2: Fly out, F7 (Flyball, 78M, EV 89.4 MPH)
Bottom of the 5th over - 0 runs, 1 hit, 0 errors, 0 left on base; Williamsport 7 - Boise 4
TOP OF THE 6TH
Williamsport Crosscutters batting - Pitching for Boise Hawks : LHP Josh Alvarez
Batting: RHB Jason Ostrom 0-0: Ball
1-0: Foul Ball, location: 2F
1-1: Foul Ball, location: 2F
1-2: Strikes out swinging
Batting: RHB John Manocchio 0-0: Ball
1-0: Called Strike
1-1: Ground out 6-3 (Groundball, 6M, EV 82.5 MPH)
Batting: RHB John Parra 0-0: Foul Ball, location: 2F
0-1: Ground out 6-3 (Groundball, 6, EV 89.4 MPH)
Top of the 6th over - 0 runs, 0 hits, 0 errors, 0 left on base; Williamsport 7 - Boise 4
BOTTOM OF THE 6TH
Boise Hawks batting - Pitching for Williamsport Crosscutters : RHP Carlos Palacios
Batting: SHB Chris Besselman 0-0: Called Strike
0-1: Ball
1-1: Fly out, F8 (Flyball, 8RXD, EV 96.2 MPH)
Batting: RHB Wali Mulogo 0-0: Ball
1-0: Foul Ball, location: 2F
1-1: Fly out, F7 (Flyball, 78M, EV 84.4 MPH)
Batting: LHB Jason Ryan 0-0: Ball
1-0: Fly out, F8 (Flyball, 8RD, EV 106.2 MPH)
Bottom of the 6th over - 0 runs, 0 hits, 0 errors, 0 left on base; Williamsport 7 - Boise 4
TOP OF THE 7TH
Williamsport Crosscutters batting - Pitching for Boise Hawks : LHP Josh Alvarez
Batting: SHB Nick Chandler 0-0: Called Strike
0-1: Ball
1-1: Called Strike
1-2: Foul Ball, location: 2F
1-2: Strikes out swinging
Batting: SHB Art Kent 0-0: Ball
1-0: Ball
2-0: Called Strike
2-1: Foul Ball, location: 2F
2-2: Foul Ball, location: 2F
2-2: Foul Ball, location: 2F
2-2: Strikes out swinging
Batting: RHB Shintaro Katsumata 0-0: Ball
1-0: Ball
2-0: SINGLE (Groundball, 6S, EV 72.5 MPH) (infield hit)
Pitching: RHP Ricardo Roman
Batting: RHB Nick Cottrell 0-0: Ball
1-0: Called Strike
1-1: Ball
2-1: Called Strike
Shintaro Katsumata steals 2nd base
2-2: Strikes out swinging
Top of the 7th over - 0 runs, 1 hit, 0 errors, 1 left on base; Williamsport 7 - Boise 4
BOTTOM OF THE 7TH
Boise Hawks batting - Pitching for Williamsport Crosscutters : RHP Carlos Palacios
Batting: RHB Seisaburo Edagawa 0-0: Ball
1-0: Called Strike
1-1: Ground out 4-3 (Groundball, 4S, EV 83.1 MPH)
Batting: LHB Georges Lambert 0-0: Ball
1-0: Foul Ball, location: 2F
1-1: Ball
2-1: Foul Ball, location: 2F
2-2: Foul Ball, location: 2F
2-2: DOUBLE (Line Drive, 7LS, EV 98.1 MPH)
Pitching: RHP David Deon
Batting: RHB Bob Hayes 0-0: Ball
1-0: Called Strike
1-1: Called Strike
1-2: Foul Ball, location: 2F
1-2: Fly out, F7 (Flyball, 7, EV 85.0 MPH)
Pinch Hitting: RHB Ryan Ward 0-0: Swinging Strike
0-1: Ball
1-1: Ball
2-1: Fly out, F8 (Flyball, 8RXD, EV 95.0 MPH)
Bottom of the 7th over - 0 runs, 1 hit, 0 errors, 1 left on base; Williamsport 7 - Boise 4
TOP OF THE 8TH
Williamsport Crosscutters batting - Pitching for Boise Hawks : RHP Ricardo Roman
Now in CF: Oscar Barahona
Batting: RHB Micah McErlean 0-0: Ball
1-0: Swinging Strike
1-1: Swinging Strike
1-2: Ball
2-2: Ball
3-2: Foul Ball, location: 2F
3-2: Foul Ball, location: 2F
3-2: Ground out 6-3 (Groundball, 56, EV 108.8 MPH)
Batting: RHB Xavier Castellanos 0-0: Ball
1-0: Swinging Strike
1-1: Foul Ball, location: 2F
1-2: Ball
2-2: Strikes out swinging
Batting: RHB Jason Ostrom 0-0: Ball
1-0: Ball
2-0: Foul Ball, location: 2F
2-1: Called Strike
2-2: Ball
3-2: Base on Balls
Pitching: RHP Jonathan Alldritt
Batting: RHB John Manocchio 0-0: Ball
1-0: SINGLE (Groundball, 4M, EV 107.5 MPH) (infield hit)
Jason Ostrom to second
Batting: RHB John Parra 0-0: Called Strike
0-1: Ball
1-1: Swinging Strike
1-2: Ball
2-2: Ball
3-2: Base on Balls
Jason Ostrom to third
John Manocchio to second
Batting: SHB Nick Chandler 0-0: Swinging Strike
0-1: Swinging Strike
0-2: Ball
1-2: Strikes out swinging
Top of the 8th over - 0 runs, 1 hit, 0 errors, 3 left on base; Williamsport 7 - Boise 4
BOTTOM OF THE 8TH
Boise Hawks batting - Pitching for Williamsport Crosscutters : RHP David Deon
Batting: SHB Clayton Saunders 0-0: Ball
1-0: Called Strike
1-1: Foul Ball, location: 2F
1-2: Fly out, F8 (Flyball, 78M, EV 80.0 MPH)
Batting: SHB Brad Madden 0-0: Called Strike
0-1: Swinging Strike
0-2: Ball
1-2: Ball
2-2: SINGLE (Groundball, 34D, EV 93.8 MPH)
Batting: SHB Chris Besselman 0-0: Ball
1-0: Called Strike
1-1: Called Strike
1-2: Ball
2-2: Ball
3-2: Fly out, F8 (Flyball, 8RM, EV 81.2 MPH)
Batting: RHB Wali Mulogo 0-0: Ground out 1-3 (Groundball, 13S, EV 66.9 MPH)
Bottom of the 8th over - 0 runs, 1 hit, 0 errors, 1 left on base; Williamsport 7 - Boise 4
TOP OF THE 9TH
Williamsport Crosscutters batting - Pitching for Boise Hawks : RHP Jonathan Alldritt
Batting: SHB Art Kent 0-0: SOLO HOME RUN (Line Drive, 78XD, EV 109.4 MPH), Distance : 414 ft
Batting: RHB Shintaro Katsumata 0-0: Called Strike
0-1: Ball
1-1: Ball
2-1: SINGLE (Groundball, 6MD, EV 101.2 MPH)
Batting: RHB Nick Cottrell 0-0: Bunt missed!
0-1: Bunt missed!
0-2: Strikes out swinging
Batting: RHB Micah McErlean 0-0: Ball
Shintaro Katsumata steals 2nd base (no throw)
1-0: Called Strike
1-1: Ball
2-1: Ball
3-1: Base on Balls
Batting: RHB Xavier Castellanos 0-0: Foul Ball, location: 2F
0-1: Foul Ball, location: 2F
0-2: Ball
Wild Pitch!
Shintaro Katsumata to third
Micah McErlean to second
1-2: Ball
2-2: Ball
3-2: Base on Balls
Batting: RHB Jason Ostrom 0-0: Called Strike
0-1: Foul Ball, location: 2F
0-2: Ball
1-2: Fielders Choice at 2nd, 6-4 (Groundball, 6, EV 87.5 MPH)
Shintaro Katsumata scores
Micah McErlean to third
Batting: RHB John Manocchio 0-0: Ball
1-0: Called Strike
Jason Ostrom steals 2nd base
1-1: Ball
Wild Pitch!
Micah McErlean scores
Jason Ostrom to third
2-1: Swinging Strike
2-2: Ball
3-2: Foul Ball, location: 2F
3-2: DOUBLE (Line Drive, 3D, EV 94.4 MPH)
Jason Ostrom scores
Pitching: RHP Logan Ramsey
Pinch Hitting: RHB Jose Nunez 0-0: Swinging Strike
0-1: Swinging Strike
0-2: Foul Ball, location: 2F
0-2: Ball
1-2: Strikes out swinging
Top of the 9th over - 4 runs, 3 hits, 0 errors, 1 left on base; Williamsport 11 - Boise 4
BOTTOM OF THE 9TH
Boise Hawks batting - Pitching for Williamsport Crosscutters : RHP David Deon
Now at 1B: Jose Nunez
Batting: LHB Jason Ryan 0-0: Swinging Strike
0-1: Ball
1-1: Ball
2-1: Ball
3-1: Ground out 4-3 (Groundball, 4, EV 86.9 MPH)
Batting: RHB Seisaburo Edagawa 0-0: Called Strike
0-1: Ball
1-1: Foul Ball, location: 2F
1-2: Strikes out looking
Batting: LHB Georges Lambert 0-0: Called Strike
0-1: Ball
1-1: Fly out, F8 (Flyball, 8RS, EV 86.2 MPH)
Bottom of the 9th over - 0 runs, 0 hits, 0 errors, 0 left on base; Williamsport 11 - Boise 4
Tuesday, March 28th , 2023 - OOTP Baseball 23.10 Build 110